 Dungeon Crawl Stone Soup version 0.22.0 (webtiles) character file.

185159 edsrzf the Fencer (level 18, -22/145 HPs)
             Began as a Barachi Enchanter on Aug 11, 2018.
             Was the Champion of Cheibriados.
             Killed from afar by a ghostly deep elf death mage (45 damage)
             ... with a bolt of negative energy
             ... on level 1 of the Elven Halls.
             The game lasted 02:03:17 (35418 turns).

edsrzf the Fencer (Barachi Enchanter)              Turns: 35418, Time: 02:03:18

Health: -22/145    AC: 23    Str: 28    XL:     18   Next: 43%
Magic:  32/32      EV: 18    Int: 36    God:    Cheibriados [******]
Gold:   2258       SH:  0    Dex: 27    Spells: 17/37 levels left

rFire    + . .     SeeInvis .   b - +3 great sword
rCold    . . .     Gourm    .   (shield currently unavailable)
rNeg     . . .     Faith    .   x - +1 ring mail {rF+}
rPois    +         Spirit   .   T - +0 helmet
rElec    .         Reflect  .   S - +2 cloak {+Inv}
rCorr    .         Harm     .   v - +0 pair of gloves
MR       +....                  y - +2 pair of boots
Stlth    +++++.....             m - amulet of magic regeneration
HPRegen  0.34/turn              M - ring of poison resistance
MPRegen  0.48/turn              u - +5 ring of protection

@: drained, very slow
A: +LOS, swims, slowness 1, strong legs 2
a: Hop, Bend Time, Temporal Distortion, Slouch, Step From Time, Renounce
Religion, Evoke Invisibility


You were on level 1 of the Elven Halls.
You worshipped Cheibriados.
Cheibriados was exalted by your worship.
You were hungry.

You visited 6 branches of the dungeon, and saw 26 of its levels.
You also visited: Ice Cave.

You collected 2258 gold pieces.

Inventory:

Hand Weapons
 a - a +3 dagger of venom
 b - a +3 great sword (weapon)
 w - a +0 scimitar of flaming
Missiles
 c - 68 poisoned needles
 s - 4 curare-tipped needles {=f}
 C - a throwing net {=f}
 I - 4 needles of paralysis
Armour
 v - a +0 pair of gloves (worn)
 x - a +1 ring mail of fire resistance (worn)
 y - a +2 pair of boots (worn)
 S - a +2 cloak of invisibility (worn)
 T - a +0 helmet (worn)
Jewellery
 m - an amulet of magic regeneration (around neck)
 u - a +5 ring of protection (right hand)
 F - an uncursed ring of protection from cold
 M - a ring of poison resistance (left hand)
 N - an uncursed ring of protection from magic
 O - an uncursed ring of fire
 U - an uncursed ring of flight
 V - an uncursed ring of protection from cold
Wands
 o - a wand of flame (91)
 H - a wand of paralysis (20)
 R - a wand of digging (16)
 Z - a wand of acid (4)
Scrolls
 e - a scroll of magic mapping
 f - 2 scrolls of blinking
 g - a scroll of identify {@r1}
 j - 3 scrolls of teleportation {@r3}
 l - 7 scrolls of fog
 n - 9 scrolls of enchant weapon
 r - 10 scrolls of remove curse {@r2}
 t - 3 scrolls of enchant armour
 A - 2 scrolls of brand weapon
 D - a scroll of holy word
 E - a scroll of silence {!r}
 J - 2 scrolls of fear
 L - a scroll of summoning
 Q - a scroll of vulnerability
Potions
 h - 3 potions of lignification
 i - 2 potions of mutation
 p - 2 potions of brilliance
 q - 8 potions of agility
 z - 6 potions of flight
 B - 4 potions of resistance
 G - 3 potions of cancellation
 K - 2 potions of might
Comestibles
 d - 43 rations


   Skills:
 + Level 13.9(13.0) Fighting
 - Level 10.0(12.3) Short Blades
 + Level 15.1(15.3) Long Blades
 + Level 11.0(10.2) Armour
 - Level 8.0(7.2) Dodging
 - Level 11.0(10.1) Stealth
 - Level 10.0(9.1) Spellcasting
 + Level 7.6(6.8) Conjurations
 - Level 10.0(9.1) Hexes
 - Level 2.8(2.1) Ice Magic
 - Level 11.0(10.1) Invocations


You had 17 spell levels left.
You knew the following spells:

 Your Spells              Type           Power        Failure   Level  Hunger
a - Corona                Hex            ######.      1%          1    None
b - Blink                 Tloc           N/A          5%          2    None
c - Confuse               Hex            ######..     1%          3    None
d - Tukima's Dance        Hex            ######..     1%          3    None
f - Conjure Flame         Conj/Fire      #####...     2%          3    None
h - Ensorcelled Hibernat  Hex/Ice        ######       1%          2    None
z - Dazzling Spray        Conj/Hex       ######       1%          3    None
C - Mephitic Cloud        Conj/Pois/Air  ####....     4%          3    None

Your spell library contained the following spells:

 Spells                   Type           Power        Failure   Level  Hunger
 Magic Dart               Conj           ####         1%          1    None
 Slow                     Hex            ######..     1%          2    None
 Throw Frost              Conj/Ice       #####.       1%          2    None
 Call Imp                 Summ           ###.....     5%          2    None
 Shock                    Conj/Air       ####         1%          1    None
 Confusing Touch          Hex            ######       1%          1    None
 Metabolic Englaciation   Hex/Ice        ######....   10%         5    ###....
 Conjure Ball Lightning   Conj/Air       #####.....   78%         6    #####..
 Petrify                  Tmut/Erth      ###.....     34%         4    None
 Orb of Destruction       Conj           ######....   87%         7    ######.
 Gell's Gravitas          Tloc           ###.......   11%         3    None
 Yara's Violent Unravell  Hex/Tmut       #####.....   14%         5    ###....


Dungeon Overview and Level Annotations

Branches:
Dungeon (15/15)            Temple (1/1) D:6            Lair (6/6) D:8
 Shoals (0/4) Lair:4       Spider (1/4) Lair:3        Slime (0/5) Lair:6
    Orc (2/2) D:12            Elf (1/3) Orc:2        Vaults (0/5) D:13
 Depths (0/5) D:15

Altars:
Ashenzari
Cheibriados
Dithmenos
Elyvilon
Fedhas
Gozag
Hepliaklqana
Kikubaaqudgha
Makhleb
Nemelex Xobeh
Okawaru
Qazlal
Ru
Sif Muna
Trog
Uskayaw
Vehumet
Wu Jian
Xom
Yredelemnul
Zin
The Shining One
Beogh

Shops:
D:11 !   Orc:2 %[!*

Annotations:
Lair:5 3 runed doors, exclusion: hydra, edsrzf's ghost, journeyman BaEn


Innate Abilities, Weirdness & Mutations

Shadows flee at your approach. (+LOS)
You can swim through water.
You cover ground slowly.
You can hop long distances.


Message History

The deep elf death mage is heavily wounded.
You hear a shout! x2
The deep elf death mage is infused with unholy energy.
* * * LOW HITPOINT WARNING * * *
The deep elf death mage draws life force from you and is healed!
You slash the deep elf death mage!
The deep elf death mage is heavily wounded.
The deep elf mage casts a spell.
The deep elf mage blinks!
The deep elf death mage hits you with a short sword.
* * * LOW HITPOINT WARNING * * *
Unknown command.
You hit the deep elf death mage.
The deep elf death mage is severely wounded.
The deep elf mage casts a spell.
You cut the deep elf death mage into ribbons!!!
The lost soul assumes the form of the deep elf death mage and becomes anchored to this world!
The deep elf archer shoots an arrow.
The arrow hits you.
* * * LOW HITPOINT WARNING * * *
Unknown command.
Okay, then.
The deep elf mage mumbles some strange words.
The deep elf mage blinks!
The ghostly deep elf death mage hits you but does no damage.
The deep elf mage gestures wildly while chanting.
You barely miss the deep elf archer.
You cut the deep elf archer into ribbons!!!
The deep elf archer is severely wounded.
You hear a shout!
The deep elf mage casts a spell.
The deep elf archer unwields an uncursed shortbow.
The deep elf archer wields an uncursed short sword.
The deep elf archer closely misses you.
You slice the deep elf archer!!
You kill the deep elf archer!
Cheibriados appreciates the change of pace.
The deep elf mage casts a spell.
The sixfirhy hits you but does no damage.
Evoke which item? (* to show all) (? for menu, Esc to quit)
Aiming: Corrosive Bolt
Press: ? - help, Shift-Dir - straight line, f - deep elf mage
Aim: a deep elf mage, wielding a rapier and wearing a leather armour The bolt of acid misses the sixfirhy.
The bolt of acid hits the deep elf mage.
The deep elf mage is splashed with acid.
The acid corrodes the deep elf mage!
The deep elf mage is heavily wounded.
The bolt of acid hits the ice beast.
The ice beast is splashed with acid.
The acid corrodes the ice beast!
The ice beast is heavily wounded.
The sixfirhy misses you.
You riposte.
You closely miss the sixfirhy. The sixfirhy closely misses you.
You riposte.
You slice the sixfirhy!!
The sixfirhy is heavily wounded.
The sixfirhy misses you.
You riposte.
You slash the sixfirhy!
The sixfirhy is severely wounded.
The deep elf mage gestures wildly while chanting.
The deep elf mage blinks!
The deep elf mage mumbles some strange words.
The deep elf mage blinks!
The sixfirhy hits you but does no damage.
Evoke which item? (* to show all) (? for menu, Esc to quit)
Aiming: Corrosive Bolt
Press: ? - help, Shift-Dir - straight line, f - sixfirhy
Aim: a sixfirhy (severely wounded, summoned)
The bolt of acid misses the sixfirhy.
The bolt of acid hits the deep elf mage.
The deep elf mage is splashed with acid.
The acid corrodes the deep elf mage!
The deep elf mage is severely wounded.
The bolt of acid hits the ice beast.
The ice beast is splashed with acid.
You kill the ice beast!
The sixfirhy hits you.
* * * LOW HITPOINT WARNING * * *
The sixfirhy shocks you!
* * * LOW HITPOINT WARNING * * *
Unknown command.
Okay, then.
You slice the sixfirhy!!
You kill the sixfirhy!
You slice the deep elf mage!!
You kill the deep elf mage!
Cheibriados appreciates the change of pace.
The hell rat disappears in a puff of smoke!
The redback disappears in a puff of smoke! x2
You slash the ghostly deep elf death mage!
The ghostly deep elf death mage is lightly damaged.
The ghostly deep elf death mage misses you.
You riposte.
You slice the ghostly deep elf death mage!!
The ghostly deep elf death mage is heavily damaged.
You closely miss the ghostly deep elf death mage.
The ghostly deep elf death mage is heavily damaged.
The ghostly deep elf death mage hits you with a short sword.
* * * LOW HITPOINT WARNING * * *
Unknown command.
You slice the ghostly deep elf death mage!!
The ghostly deep elf death mage is almost destroyed.
The ghostly deep elf death mage casts a spell at you.
The bolt of negative energy hits you!
You feel drained.
You die...

.(.).....e.#.....## #.###.#...#.#
)#.........#.##.#.###.#..........
(#.........#.#.###.##.#.#..#'#..#
.#........§e§.#...#...#...##.##..
e#.........#e##...#.#.'...'..('..
.#.........##.#...#...#...##.##..
.......e...##..###>.#.#.#..#'#..#
##.........##..e#...#.#.. .......
##.........#####@####.###.#...#.#
#........e## #.# #...#.......#
#..≈≈≈≈≈..# #.####.#.####'####
#≈≈≈≈e≈ee≈# #......)........).
#≈≈ee≈≈≈≈≈# #.###........#.###
#≈≈≈≈≈≈≈≈≈######.# #######....#
#..))≈≈≈..#......# #....###
#...).....######## ####....
#....<....# #####


You could see a ghostly deep elf death mage and 2 deep elf magi.

Vanquished Creatures
  An orc warlord (Orc:2)
  A deep elf sorcerer (Elf:1)
  An entropy weaver (shapeshifter) (D:15)
  A white draconian (IceCv)
  A spark wasp (shapeshifter) (D:15)
  A deep elf annihilator (Elf:1)
  A deep elf death mage (Elf:1)
  A fire dragon (D:15)
  An ogre mage (D:15)
  8 vault guards (D:13)
  7 hydras
  4 catoblepae
  6 two-headed ogres
  7 centaur warriors
  6 dancing weapons (Elf:1)
  9 death yaks
  A tengu warrior (D:15)
  3 orc high priests (Orc:2)
  4 deep elf knights (Elf:1)
  2 unseen horrors (D:15)
  7 deep elf archers (Elf:1)
  5 orc knights
  A wolf spider zombie (D:12)
  14 ugly things
  5 wolf spiders
  4 cyclopes
  5 orc sorcerers (Orc:2)
  26 deep elf magi
  9 manticores
  A salamander (D:15)
  3 elephants
  3 slime creatures (D:15)
  An ice statue (IceCv)
  5 spiny frogs
  2 gargoyles
  4 black mambas
  2 efreet
  3 rime drakes (Lair:2)
  2 torpor snails
  A freezing wraith (D:15)
  3 kobold demonologists
  A demonic crawler (Lair:3)
  2 tengu conjurers (D:13)
  8 komodo dragons
  3 jumping spiders
  3 meliai (D:13)
  10 blink frogs
  5 trolls
  20 polar bears (IceCv)
  Grinder (D:5)
  13 hippogriffs
  A harpy skeleton (D:15)
  2 queen bees
  A hornet (D:12)
  2 air elementals
  5 redbacks
  5 shadows
  A vampire (D:15)
  62 yaks
  4 tarantellas
  A wraith (D:15)
  7 basilisks
  2 water elementals
  2 wyverns
  A spriggan (D:7)
  A steam dragon (D:7)
  3 fire elementals
  2 hungry ghosts
  8 vampire mosquitoes (D:12)
  2 wargs (Orc:1)
  12 water moccasins
  Duvessa (D:6)
  28 orc warriors
  3 sky beasts
  4 porcupines
  2 ice beasts (D:12)
  2 phantoms
  A black bear (D:11)
  An eye of draining (D:12)
  13 ogres
  23 wolves
  13 centaurs
  8 crocodiles
  3 big kobolds
  20 bullfrogs
  A wyvern zombie (D:7)
  An earth elemental (D:12)
  Dowan (D:6)
  A wyvern skeleton (D:12)
  2 scorpions
  60 killer bees
  13 wights
  10 howler monkeys
  2 electric eels
  7 crimson imps
  2 bullfrog zombies
  6 centaur zombies
  5 hounds
  5 jellies
  18 orc priests
  10 centaur skeletons
  3 bullfrog skeletons
  17 orc wizards
  6 iguanas
  10 worker ants
  A hound zombie (D:7)
  2 hound skeletons
  A worker ant zombie (D:5)
  2 gnolls (D:3)
  A river rat (Lair:4)
  9 adders
  3 shadow imps
  12 white imps (D:14)
  2 adder skeletons
  2 worms
  6 leopard geckos
  54 orcs
  5 giant cockroaches
  5 goblins
  9 hobgoblins
  11 jackals
  6 quokkas
  18 bats
  4 frilled lizards
  A giant cockroach zombie (D:5)
  20 kobolds
  A quokka zombie (D:5)
  9 rats
848 creatures vanquished.

Vanquished Creatures (others)
  Nikola (Elf:1)
  2 deep elf knights (Elf:1)
  A wizard (D:6)
  A deep elf mage (Elf:1)
  A killer bee (Lair:1)
  2 orc priests (Orc:2)
  A leopard gecko (D:7)
  3 fungi
  38 plants
50 creatures vanquished.

Grand Total: 898 creatures vanquished

Notes
Turn   | Place    | Note
-------+----------+-------------------------------------------
     0 | D:1      | edsrzf the Barachi Enchanter began the quest for the Orb.
     0 | D:1      | Reached XP level 1. HP: 13/13 MP: 3/3
   131 | D:1      | Reached XP level 2. HP: 15/19 MP: 5/5
   135 | D:1      | Learned a level 2 spell: Ensorcelled Hibernation
   215 | D:1      | Identified a potion of cancellation
   313 | D:1      | Reached skill level 3 in Stealth
  1028 | D:1      | Reached XP level 3. HP: 24/24 MP: 6/6
  1083 | D:1      | Reached skill level 2 in Short Blades
  1462 | D:2      | Learned a level 3 spell: Confuse
  1737 | D:2      | Reached skill level 4 in Hexes
  1756 | D:2      | Reached XP level 4. HP: 22/30 MP: 4/7
  2421 | D:3      | Reached skill level 3 in Short Blades
  2421 | D:3      | Reached XP level 5. HP: 23/35 MP: 0/8
  2707 | D:3      | Found a shattered altar of Ashenzari.
  2800 | D:4      | Reached skill level 4 in Stealth
  3098 | D:4      | Reached skill level 5 in Hexes
  3098 | D:4      | Reached XP level 6. HP: 18/41 MP: 6/9
  3390 | D:4      | Noticed a phantom
  3427 | D:4      | Killed a phantom
  3427 | D:4      | Reached skill level 4 in Short Blades
  3519 | D:5      | Entered Level 5 of the Dungeon
  3521 | D:5      | Reached XP level 7. HP: 40/46 MP: 10/10
  3892 | D:5      | Reached skill level 5 in Stealth
  3921 | D:5      | Noticed Grinder
  3925 | D:5      | Identified 3 potions of invisibility
  3926 | D:5      | Identified a potion of heal wounds
  3936 | D:5      | Identified a potion of curing
  3943 | D:5      | Identified a potion of lignification
  3977 | D:5      | Killed Grinder
  3977 | D:5      | Reached skill level 5 in Short Blades
  3977 | D:5      | Reached skill level 6 in Hexes
  4111 | D:5      | Identified 5 scrolls of identify
  4111 | D:5      | Identified a potion of ambrosia
  4220 | D:5      | Found a shimmering altar of Xom.
  4220 | D:5      | Found a shimmering altar of Xom.
  4304 | D:5      | Found a shimmering altar of Xom.
  4305 | D:5      | Found a shimmering altar of Xom.
  4509 | D:5      | Reached XP level 8. HP: 52/52 MP: 11/11
  4674 | D:6      | Found a staircase to the Ecumenical Temple.
  4698 | Temple   | Entered the Ecumenical Temple
  4809 | Temple   | Became a worshipper of Cheibriados the Contemplative
  4862 | D:6      | Identified 4 scrolls of noise
  4864 | D:6      | Identified 4 scrolls of teleportation
  4865 | D:6      | Identified 3 scrolls of blinking
  4866 | D:6      | Identified 3 scrolls of remove curse
  4924 | D:6      | Noticed Duvessa
  4976 | D:6      | Noticed Dowan
  4991 | D:6      | Killed Duvessa
  4991 | D:6      | Reached skill level 6 in Short Blades
  4991 | D:6      | Reached skill level 6 in Stealth
  5000 | D:6      | Killed Dowan
  5303 | D:6      | Found a bloodstained altar of Trog.
  5304 | D:6      | Noticed a wizard
  5309 | D:6      | Killed a wizard
  5465 | D:7      | Identified a potion of flight
  5531 | D:7      | Reached skill level 7 in Hexes
  5695 | D:7      | Noticed a hippogriff
  5719 | D:7      | Killed a hippogriff
  5905 | D:7      | Reached skill level 7 in Short Blades
  5913 | D:7      | Reached skill level 7 in Stealth
  5913 | D:7      | Reached XP level 9. HP: 54/57 MP: 12/12
  5952 | D:7      | Reached * piety under Cheibriados
  5965 | D:7      | Reached skill level 8 in Hexes
  6465 | D:7      | Found a burning altar of Makhleb.
  6604 | D:7      | Found a runed door.
  6604 | D:7      | Found a runed door.
  6625 | D:7      | Reached skill level 3 in Spellcasting
  6637 | D:7      | Reached skill level 8 in Short Blades
  6645 | D:7      | Reached ** piety under Cheibriados
  6709 | D:7      | Noticed a deep elf mage
  6717 | D:7      | Killed a deep elf mage
  6717 | D:7      | Reached skill level 8 in Stealth
  6717 | D:7      | Reached skill level 4 in Spellcasting
  6717 | D:7      | Reached skill level 9 in Hexes
  6730 | D:7      | Reached XP level 10. HP: 43/63 MP: 16/16
  7033 | D:8      | Found a staircase to the Lair.
  7034 | D:8      | Noticed an elephant
  7122 | D:8      | Killed an elephant
  7144 | D:8      | Learned a level 3 spell: Dazzling Spray
  7148 | D:8      | Learned a level 3 spell: Tukima's Dance
  7155 | D:8      | Identified a potion of haste
  7254 | D:8      | Reached skill level 9 in Short Blades
  7309 | D:8      | Found an opulent altar of Gozag.
  7309 | D:8      | Found a burning altar of Makhleb.
  7310 | D:8      | Found a sacrificial altar of Ru.
  7383 | D:8      | Reached skill level 5 in Spellcasting
  7388 | D:8      | Reached *** piety under Cheibriados
  7461 | D:8      | Identified 5 scrolls of enchant weapon
  7661 | D:8      | Reached skill level 9 in Stealth
  8367 | D:9      | Reached skill level 10 in Hexes
  8406 | D:9      | Got a transparent robe
  8417 | D:9      | Identified the cursed +0 robe of Whack-A-Mole {rC+ Int+3} (You found it on level 9 of the Dungeon)
  8493 | D:9      | Identified a potion of brilliance
  8500 | D:9      | Reached skill level 1 in Ice Magic
  8539 | D:9      | Found an iron altar of Okawaru.
  8602 | D:9      | Identified a potion of agility
  8694 | D:9      | Noticed a two-headed ogre
  8934 | D:9      | Killed a two-headed ogre
  8934 | D:9      | Reached skill level 6 in Spellcasting
  8934 | D:9      | Reached skill level 2 in Ice Magic
  8934 | D:9      | Reached XP level 11. HP: 68/68 MP: 15/20
  9124 | D:9      | Noticed a two-headed ogre
  9127 | D:9      | Killed a two-headed ogre
  9127 | D:9      | Reached skill level 10 in Short Blades
  9127 | D:9      | Reached skill level 1 in Conjurations
  9269 | D:10     | Entered Level 10 of the Dungeon
  9292 | D:10     | Identified a scroll of enchant armour
  9293 | D:10     | Identified a scroll of brand weapon
  9294 | D:10     | Identified a scroll of holy word
  9486 | D:10     | Reached **** piety under Cheibriados
  9669 | D:10     | Reached skill level 1 in Long Blades
  9772 | D:10     | Learned a level 2 spell: Blink
  9776 | D:10     | Learned a level 3 spell: Mephitic Cloud
  9780 | D:10     | Learned a level 3 spell: Conjure Flame
 10021 | D:10     | Reached skill level 2 in Conjurations
 10392 | D:11     | Noticed a manticore
 10418 | D:11     | Killed a manticore
 10418 | D:11     | Reached skill level 2 in Long Blades
 10469 | D:11     | Found a snail-covered altar of Cheibriados.
 10542 | D:11     | Noticed a cyclops
 10583 | D:11     | Killed a cyclops
 10583 | D:11     | Reached skill level 3 in Conjurations
 10588 | D:11     | Reached skill level 7 in Spellcasting
 10594 | D:11     | Reached skill level 3 in Long Blades
 10594 | D:11     | Reached skill level 10 in Stealth
 11027 | D:11     | Reached ***** piety under Cheibriados
 11108 | D:11     | Found Gete's Distillery.
 11423 | Lair:1   | Entered Level 1 of the Lair of Beasts
 11556 | Lair:1   | Reached skill level 4 in Long Blades
 11556 | Lair:1   | Reached skill level 4 in Conjurations
 11584 | Lair:1   | Identified 6 scrolls of fog
 12089 | Lair:1   | Noticed a seven-headed hydra
 12098 | Lair:1   | Killed a seven-headed hydra
 12098 | Lair:1   | Reached XP level 12. HP: 58/74 MP: 23/23
 12121 | Lair:1   | Reached skill level 5 in Long Blades
 12180 | Lair:1   | Reached skill level 5 in Conjurations
 12199 | Lair:1   | Reached skill level 8 in Spellcasting
 12689 | Lair:2   | Identified a scroll of silence
 12740 | Lair:2   | Reached ****** piety under Cheibriados
 13010 | Lair:2   | Reached skill level 6 in Long Blades
 13067 | Lair:2   | Identified a scroll of fear
 13068 | Lair:2   | Identified 2 potions of resistance
 13165 | Lair:2   | Identified a potion of might
 13527 | Lair:2   | Reached skill level 6 in Conjurations
 13562 | Lair:2   | Reached skill level 11 in Stealth
 13579 | Lair:2   | Reached skill level 1 in Fighting
 13586 | Lair:2   | Reached skill level 1 in Invocations
 14116 | Lair:2   | Reached skill level 2 in Fighting
 14196 | Lair:2   | Reached skill level 7 in Long Blades
 14212 | Lair:2   | Reached skill level 2 in Invocations
 14219 | Lair:2   | Reached skill level 9 in Spellcasting
 14463 | Lair:2   | Noticed a death yak
 14471 | Lair:2   | HP: 1/80 [death yak[a torpor snail] (25)]
 14473 | Lair:2   | Killed a death yak
 14473 | Lair:2   | Reached skill level 3 in Fighting
 14931 | Lair:3   | Noticed a six-headed hydra
 14932 | Lair:3   | Noticed a catoblepas
 14943 | Lair:3   | Killed a catoblepas
 14943 | Lair:3   | Reached skill level 4 in Fighting
 14943 | Lair:3   | Reached skill level 3 in Invocations
 14951 | Lair:3   | Killed a six-headed hydra
 14951 | Lair:3   | Reached skill level 8 in Long Blades
 14951 | Lair:3   | Gained mutation: You can hop long distances. [Barachi growth]
 14951 | Lair:3   | Reached XP level 13. HP: 69/88 MP: 25/26
 15196 | Lair:3   | Identified 2 scrolls of random uselessness
 15197 | Lair:3   | Identified a scroll of summoning
 15241 | Lair:3   | Found a hole to the Spider Nest.
 15655 | Lair:4   | Found a staircase to the Shoals.
 15664 | Lair:4   | Reached skill level 5 in Fighting
 15678 | Lair:4   | Identified a potion of degeneration
 15686 | Lair:4   | Identified a scroll of torment
 15710 | Lair:4   | Identified 2 potions of mutation
 15870 | Lair:4   | Reached skill level 4 in Invocations
 16150 | Lair:4   | Reached skill level 9 in Long Blades
 16154 | Lair:4   | Reached skill level 10 in Spellcasting
 16160 | Lair:4   | Reached skill level 6 in Fighting
 16788 | Lair:5   | Reached skill level 3 in Dodging
 16880 | Lair:5   | Found a runed gate.
 16880 | Lair:5   | Found a runed gate.
 16880 | Lair:5   | Found a runed gate.
 17096 | Lair:5   | Reached skill level 5 in Invocations
 17234 | Lair:5   | Noticed edsrzf's ghost (journeyman BaEn)
 17366 | Lair:6   | Entered Level 6 of the Lair of Beasts
 17410 | Lair:6   | Found a staircase to the Slime Pits.
 17673 | Lair:6   | Reached skill level 7 in Fighting
 17793 | Lair:6   | Reached skill level 4 in Dodging
 18066 | Lair:6   | Reached skill level 10 in Long Blades
 18103 | Lair:6   | Reached XP level 14. HP: 67/104 MP: 28/28
 18281 | Lair:6   | Reached skill level 5 in Dodging
 18281 | Lair:6   | Reached skill level 6 in Invocations
 18746 | Lair:6   | Reached skill level 8 in Fighting
 19972 | Lair:6   | Got an opal-encrusted ring mail
 19983 | Lair:6   | Identified the cursed +1 ring mail "Gosimueh" {Str+3} (You found it on level 6 of the Lair of Beasts)
 20117 | Lair:6   | Reached skill level 6 in Dodging
 20865 | D:12     | Found a staircase to the Orcish Mines.
 20907 | D:12     | Reached skill level 11 in Long Blades
 20944 | D:12     | Identified 2 potions of experience
 20945 | D:12     | Reached skill level 9 in Fighting
 20945 | D:12     | Reached skill level 7 in Dodging
 20945 | D:12     | Reached skill level 7 in Invocations
 20945 | D:12     | Reached XP level 15. HP: 107/115 MP: 29/29
 20946 | D:12     | Reached skill level 4 in Armour
 20946 | D:12     | Reached skill level 8 in Invocations
 20946 | D:12     | Reached XP level 16. HP: 114/122 MP: 30/30
 21197 | D:12     | Found a large runed door.
 21197 | D:12     | Found a large runed door.
 21223 | D:12     | Reached skill level 10 in Fighting
 21661 | D:13     | Reached skill level 12 in Long Blades
 21725 | D:13     | Reached skill level 8 in Dodging
 21729 | D:13     | Found a gate to the Vaults.
 22562 | D:13     | Reached skill level 5 in Armour
 22719 | D:13     | Reached skill level 9 in Invocations
 23509 | D:14     | Reached skill level 11 in Fighting
 23517 | D:14     | Reached skill level 6 in Armour
 23581 | D:14     | Identified 2 scrolls of magic mapping
 23636 | D:14     | Found a frozen archway.
 23665 | IceCv    | Entered an ice cave
 23843 | IceCv    | Identified a scroll of vulnerability
 23893 | IceCv    | Reached XP level 17. HP: 125/131 MP: 31/31
 24406 | IceCv    | Reached skill level 13 in Long Blades
 24638 | IceCv    | Reached skill level 7 in Armour
 26134 | D:15     | Entered Level 15 of the Dungeon
 26190 | D:15     | Reached skill level 10 in Invocations
 26364 | D:15     | Reached skill level 12 in Fighting
 26371 | D:15     | Reached skill level 8 in Armour
 26378 | D:15     | Paralysed by an ogre mage for 3 turns
 26900 | D:15     | Noticed a sphinx
 26900 | D:15     | an entropy weaver changed into a sphinx
 26903 | D:15     | a sphinx changed into a shadow dragon
 26904 | D:15     | Noticed a sphinx
 26904 | D:15     | a shadow dragon changed into a sphinx
 26904 | D:15     | a sphinx changed into a death yak
 27268 | D:15     | Found a staircase to the Depths.
 27867 | Orc:1    | Entered Level 1 of the Orcish Mines
 28317 | Orc:1    | Reached skill level 9 in Armour
 28335 | Orc:1    | Reached skill level 14 in Long Blades
 28525 | Orc:1    | Found a roughly hewn altar of Beogh.
 28991 | Orc:2    | Entered Level 2 of the Orcish Mines
 29775 | Orc:2    | Found a staircase to the Elven Halls.
 29981 | Orc:2    | Found Benargh's Food Boutique.
 29988 | Orc:2    | Paralysed by an orc sorcerer for 3 turns
 30410 | Orc:2    | Found Jyasidgh's General Store.
 30415 | Orc:2    | Found Ufuxufozxi's Distillery.
 30423 | Orc:2    | Found Muzaot's Antique Armour Boutique.
 30954 | Spider:1 | Entered Level 1 of the Spider Nest
 30958 | Spider:1 | Reached skill level 13 in Fighting
 32415 | Elf:1    | Entered Level 1 of the Elven Halls
 32432 | Elf:1    | Reached skill level 10 in Armour
 32432 | Elf:1    | Reached XP level 18. HP: 81/143 MP: 18/32
 32552 | Elf:1    | Reached skill level 11 in Invocations
 33431 | Elf:1    | Noticed Nikola
 33459 | Elf:1    | Killed Nikola
 33852 | Elf:1    | Reached skill level 7 in Conjurations
 34183 | Elf:1    | Reached skill level 15 in Long Blades
 35088 | Elf:1    | Reached skill level 11 in Armour
 35271 | Elf:1    | Identified Dud Tuxt's Papyrus of Conjuration
 35418 | Elf:1    | Killed from afar by a ghostly deep elf death mage

Skill      XL: |  1  2  3  4  5  6  7  8  9 10 11 12 13 14 15 16 17 18 |
---------------+-------------------------------------------------------+-----
Stealth        | 3 4 5 7 8 9 10 11 | 11.0
Short Blades   | 2 3 4 5 7 8 9 10 | 10.0
Hexes          | 4 5 6 7 9 10 | 10.0
Spellcasting   | 4 6 7 9 10 | 10.0
Ice Magic      | 2 |  2.8
Conjurations   | 4 6 7 |  7.6
Long Blades    | 4 8 10 11 12 14 15 | 15.1
Fighting       | 4 7 9 11 13 | 13.9
Invocations    | 3 5 7 8 9 10 11 | 11.0
Dodging        | 4 7 8 |  8.0
Armour         | 4 6 10 11 | 11.0

Action                   |  1- 3 |  4- 6 |  7- 9 | 10-12 | 13-15 | 16-18 || total
-------------------------+-------+-------+-------+-------+-------+-------++-------
Melee: Dagger            |    94 |   115 |   202 |   358 |   188 |   383 ||  1340
       Unarmed           |       |       |     5 |       |       |       ||     5
       Great sword       |       |       |       |    12 |    21 |   540 ||   573
 Cast: Ensorcelled Hiber |    26 |    18 |    47 |   151 |    87 |   183 ||   512
       Confuse           |       |     5 |    24 |    56 |    12 |   107 ||   204
       Dazzling Spray    |       |       |       |    14 |    64 |    24 ||   102
       Corona            |       |       |       |       |     1 |     4 ||     5
       Mephitic Cloud    |       |       |       |       |       |     3 ||     3
Invok: Slouch            |       |       |       |     1 |       |     3 ||     4
 Abil: Hop               |       |       |       |     2 |     3 |     3 ||     8
Evoke: Wand              |       |       |     1 |       |     1 |     2 ||     4
  Use: Potion            |     1 |       |     6 |     3 |     2 |     3 ||    15
       Scroll            |       |       |     7 |    15 |    13 |     8 ||    43
 Stab: Sleeping          |    23 |    15 |    31 |   126 |    77 |   113 ||   385
       Distracted        |       |     1 |       |     2 |     1 |     5 ||     9
       Confused          |       |     3 |    11 |    28 |     9 |    73 ||   124
       Invisible         |       |       |       |     3 |    21 |     9 ||    33
  Eat: Chunk             |     2 |     6 |    14 |    12 |     7 |    19 ||    60
       Ration            |     1 |     1 |       |     1 |     1 |     2 ||     6
Armor: Robe              |    14 |    29 |     3 |       |       |       ||    46
       Skin              |       |       |     4 |       |       |       ||     4
       Ring mail         |       |       |    29 |   123 |    77 |   358 ||   587
Dodge: Dodged            |    47 |    70 |    91 |   196 |   173 |  1007 ||  1584
       Rpst.: Great sword |       |       |       |     6 |     5 |   140 ||   151
